 Dungeon Crawl Stone Soup version 0.31-a0-496-g6f97920a28 (webtiles) character file.

Game seed: 14402505533468044029

122 javelincjr the Ruffian (level 4, 0/33 HPs)
             Began as a Demonspawn Shapeshifter on Aug 8, 2023.
             Slain by a lemure (6 damage)
             ... led by Pikel
             ... on level 3 of the Dungeon.
             The game lasted 00:12:45 (2967 turns).

javelincjr the Ruffian (Demonspawn Shapeshifter)    Turns: 2967, Time: 00:12:46

Health: 0/33       AC:  2    Str: 17    XL:     4   Next: 78%
Magic:  1/4        EV: 12    Int: 10    God:
Gold:   194        SH:  0    Dex: 13    Spells: 2/3 levels left

rFire   . . .        r - +4 club
rCold   . . .        (no shield)
rNeg    + . .        a - +0 animal skin
rPois   .            (helmet currently unavailable)
rElec   .            (cloak currently unavailable)
rCorr   .            (gloves currently unavailable)
SInv    .            (boots currently unavailable)
Will    .....        (no amulet)
Stlth   +            s - ring of positive energy
HPRegen 0.25/turn    (no ring)
MPRegen 0.09/turn

%: no passive effects
@: about to teleport, beast-form
A: beast (slay +2), horns 1
a: Begin Untransformation


You were on level 3 of the Dungeon.
You were a hulking beast.
You visited 1 branch of the dungeon, and saw 4 of its levels.

You collected 194 gold pieces.

Inventory:

Hand Weapons
 f - a +0 dagger
 r - a +4 club (weapon)
 y - a +0 dagger of venom
Missiles
 j - 10 poisoned darts (quivered)
 u - 2 boomerangs
Armour
 a - a +0 animal skin (worn)
 i - a +0 scale mail
 m - a +0 chain mail
 t - a +3 plate armour
 A - a +0 helmet
Jewellery
 s - a ring of positive energy (left hand)
Talismans
 c - a beast talisman (active)
 d - a flux talisman
 v - a granite talisman
Scrolls
 e - a scroll of torment {unknown}
 h - a scroll of fog {unknown}
 k - a scroll of poison {unknown}
 l - a scroll of teleportation
 n - a scroll of noise {unknown}
 o - 2 scrolls of identify {unknown}
Potions
 b - a potion of lignification
 g - a potion of haste {unknown}
 q - a potion of curing
 w - a potion of might {unknown}
 x - a potion of berserk rage {unknown}
 z - 2 potions of degeneration {unknown}


   Skills:
 + Level 2.1 Fighting
 + Level 1.0 Armour
 + Level 2.5 Dodging
 + Level 3.2 Unarmed Combat
 + Level 0.4 Spellcasting
 + Level 0.4 Fire Magic
 * Level 3.2 Shapeshifting


You had 2 spell levels left.
You knew the following spells:

 Your Spells              Type           Power      Damage    Failure   Level
a - Foxfire               Conj/Fire      0%         2x1d4     32%         1

Your spell library contained the following spells:

 Spells                   Type           Power      Damage    Failure   Level
 Hailstorm                Conj/Ice       0%         3d3       73%         3
 Summon Ice Beast         Ice/Summ       0%         N/A       98%         4
 Simulacrum               Ice/Necr       0%         N/A       100%        6


Dungeon Overview and Level Annotations

Branches:
Dungeon (4/15)
 Temple: D:4-7

Altars:

Shops:
D:1 ?   D:2 :

Annotations:
D:4 Dowan, Duvessa, Eustachio, Pikel


Innate Abilities, Weirdness & Mutations

You are a hulking beast.
Your limbs bulge with bestial killing power. (Slay +2)
You have a pair of small horns on your head.


Message History

The foxfire hits the lemure but does no damage.
The lemure is lightly wounded.
Unknown command.
Casting: Foxfire (safe; 32% risk of failure)
Confirm with . or Enter, or press ? or * to list all spells.
You conjure some foxfire!
The foxfire hits the lemure.
The lemure is moderately wounded.
The foxfire hits the lemure.
The lemure is moderately wounded.
You closely miss the lemure. You headbutt the lemure.
The lemure is moderately wounded.
The lemure hits you!
You hit the lemure. You punch the lemure.
The lemure is severely wounded.
The lemure completely misses you.
You hit the lemure. You headbutt the lemure.
The lemure is almost dead.
The lemure hits you!
You are too injured to fight recklessly!
You closely miss the lemure. Your headbutt misses the lemure.
The lemure is almost dead.
The lemure completely misses you. The lemure hits you!
The lemure closely misses you. The lemure barely misses you.
The lemure hits you.
* * * LOW HITPOINT WARNING * * *
The lemure closely misses you.
You climb upwards.
There is a stone staircase leading down here.
As you read the scroll of teleportation, it crumbles to dust.
You feel strangely unstable. The lemure closely misses you.
The lemure hits you but does no damage.
You hit the lemure.
You kill the lemure!
That felt strangely unrewarding.
The lemure misses you.
Your magical contamination has completely faded away.
You hit the lemure.
The lemure is lightly wounded.
The lemure hits you.
You die...

##################
................h#
##..............5#
##....##########.#
........#........#
#####..##.######.#
#≈≈≈##.........#.#
≈≈⌠≈≈##....###.).#
≈...≈≈#....#.).#.#
.._.⌠≈#....#.#.#.#


You could see a lemure.

Vanquished Creatures
  A lemure (D:3)
  Jessica (D:2)
  A gnoll (D:1)
  An adder (D:2)
  A worm (D:2)
  2 dart slugs
  5 orcs (D:3)
  6 ball pythons
  2 endoplasms
  A giant cockroach (D:1)
  6 goblins
  5 hobgoblins
  6 jackals
  5 quokkas
  5 bats
  5 frilled lizards
  7 kobolds
  4 rats
64 creatures vanquished.

Vanquished Creatures (collateral kills)
  A foxfire (D:3)
1 creature vanquished.

Vanquished Creatures (others)
  16 foxfires
16 creatures vanquished.

Grand Total: 81 creatures vanquished

Notes
Turn   | Place    | Note
-------+----------+-------------------------------------------
     0 | D:1      | javelincjr the Demonspawn Shapeshifter began the quest for
                  | the Orb.
     0 | D:1      | Reached XP level 1. HP: 15/15 MP: 1/1
    95 | D:1      | Gained mutation: You have a pair of small horns on your
                  | head. [demonic ancestry]
    95 | D:1      | Reached XP level 2. HP: 17/21 MP: 2/2
   202 | D:1      | Reached XP level 3. HP: 5/26 MP: 3/3
   512 | D:1      | Found Zofepy's Magic Scroll Emporium.
  1018 | D:2      | Found Rosa's Book Shop.
  1078 | D:2      | Found a faded altar of an unknown god.
  1097 | D:2      | Got Plato's Reference Book on Flames
  1100 | D:2      | Learned a level 1 spell: Foxfire
  1110 | D:2      | Reached XP level 4. HP: 30/33 MP: 1/4
  1216 | D:2      | Noticed Jessica
  1223 | D:2      | Killed Jessica
  2054 | D:3      | Reached skill level 1 in Armour
  2630 | D:4      | Noticed Duvessa
  2630 | D:4      | Noticed Dowan
  2680 | D:4      | Noticed a lemure
  2680 | D:4      | Noticed a lemure
  2790 | D:4      | Noticed Eustachio
  2894 | D:4      | Noticed a lemure
  2894 | D:4      | Noticed a lemure
  2894 | D:4      | Noticed Pikel
  2966 | D:3      | Killed a lemure
  2967 | D:3      | Slain by a lemure

Illustrated notes

Levels and vault maps discovered:
D:1:      dpeg_arrival_shrine, layout_basic, serial_shops,
          nicolae_shop_real_fake_doors
D:2:      layout_basic, shapermc_ecumenical_altar_rom_forum, serial_shops,
          nicolae_shop_trees, uniq_jessica
D:3:      layout_basic, nicolae_elyvilon_temple_path, serial_bayou_lagoon_b
D:4:      layout_loops_ring, overflow_temple_1_default, corexii_checkpoint_a,
          uniq_eustachio, uniq_pikel, uniq_grinder, uniq_duvessa

Skill      XL: |  1  2  3  4 |
---------------+-------------+-----
Dodging        | 2 |  2.5
Unarmed Combat | 3 |  3.2
Shapeshifting  | 3 |  3.2
Fighting       | 2 |  2.1
Armour         | 1 |  1.0
Spellcasting   | |  0.4
Fire Magic     | |  0.4

Action                     |  1- 3 |  4- 6 || total
---------------------------+-------+-------++-------
  Melee: Dagger            |   108 |     2 ||   110
         Unarmed           |     8 |       ||     8
         Headbutt          |    15 |    12 ||    27
         Punch             |     4 |     4 ||     8
         Club              |       |    54 ||    54
  Throw: Dart              |     1 |     2 ||     3
   Cast: Foxfire           |     1 |     8 ||     9
    Use: Scroll            |       |     5 ||     5
         Potion            |       |     1 ||     1
   Stab: Sleeping          |     1 |       ||     1
 Armour: Animal skin       |    24 |     6 ||    30
  Dodge: Dodged            |    61 |    21 ||    82

Table legend: (Time is in decaauts)
 A = Elapsed time spent in this place.
 B = Non-inter-level travel time spent in this place.
 C = Inter-level travel time spent in this place.
 D = Time resting spent in this place.
 E = Time spent auto-exploring this place.
 F = Levels seen in this place.
 G = Mean time per level.
                   A        B        C        D        E       F      G
               +--------+--------+--------+--------+--------+-----+--------+
         Total |   3003 |   2815 |    188 |    226 |   1981 |   4 |  750.8 |
       Dungeon |   3003 |   2815 |    188 |    226 |   1981 |   4 |  750.8 |
               +--------+--------+--------+--------+--------+-----+--------+

Top non-repeatable levels by time:
     D:2: 1018 daAuts
     D:3: 1013 daAuts
     D:1: 931 daAuts
     D:4: 40 daAuts
